 Dungeon Crawl Stone Soup version 0.22-a0-542-gce4f928 (webtiles) character file.

59 Hebeh the Skirmisher (level 3, -2/33 HPs)
             Began as a Minotaur Fighter on June 24, 2018.
             Slain by Crazy Yiuf
             ... wielding a +4 quarterstaff of chaos
              (14 damage)
             ... on level 2 of the Dungeon.
             The game lasted 00:03:11 (1021 turns).

Hebeh the Skirmisher (Minotaur Fighter)             Turns: 1021, Time: 00:03:13

Health: -2/33      AC: 13    Str: 21    XL:     3   Next: 78%
Magic:  2/2        EV:  4    Int:  5    God:
Gold:   55         SH:  9    Dex:  9    Spells: 2/2 levels left

rFire    . . .     SeeInvis .   a - +0 war axe
rCold    . . .     Gourm    .   c - +0 shield
rNeg     . . .     Faith    .   h - +0 plate armour (curse)
rPois    .         Spirit   .   (helmet restricted)
rElec    .         Reflect  .   (no cloak)
rCorr    .         Harm     .   n - +0 pair of gloves
MR       .....                  (no boots)
Stlth    ..........             (no amulet)
HPRegen  0.11/turn              (no ring)
MPRegen  0.08/turn              (no ring)

@: no status effects
A: retaliatory headbutt, horns 2
a: no special abilities


You were on level 2 of the Dungeon.
You were hungry.

You visited 1 branch of the dungeon, and saw 2 of its levels.

You collected 55 gold pieces.

Inventory:

Hand Weapons
 a - a +0 war axe (weapon)
Armour
 b - a +0 scale mail
 c - a +0 shield (worn)
 h - a cursed +0 plate armour (worn)
 n - a +0 pair of gloves (worn)
Scrolls
 e - a scroll of remove curse {unknown}
 i - 7 scrolls of identify {unknown}
 j - 3 scrolls of amnesia {unknown}
 k - 4 scrolls of teleportation {unknown}
 m - a scroll of noise {unknown}
 o - a scroll of enchant armour {unknown}
Potions
 d - a potion of might
 l - 3 potions of lignification {unknown}
Comestibles
 f - 3 rations


   Skills:
 + Level 4.1 Fighting
 * Level 3.7 Axes
 + Level 4.1 Armour
 + Level 4.1 Shields


You had 2 spell levels left.
You didn't know any spells.
Your spell library was empty.

Dungeon Overview and Level Annotations

Branches:
Dungeon (2/15)

Altars:

Annotations:
D:2 Crazy Yiuf


Innate Abilities, Weirdness & Mutations

You reflexively headbutt those who attack you in melee.
You have a pair of horns on your head.


Message History

Crazy Yiuf hits you with a quarterstaff of chaos!
Crazy Yiuf burns you.
You can move again.
You hit Crazy Yiuf.
Crazy Yiuf is lightly wounded.
Crazy Yiuf hits you but does no damage.
You hit Crazy Yiuf.
Crazy Yiuf is moderately wounded.
Crazy Yiuf says, "Orb!"
Crazy Yiuf hits you but does no damage.
You hit Crazy Yiuf. Your headbutt misses Crazy Yiuf.
Crazy Yiuf is heavily wounded.
Crazy Yiuf drinks a potion.
Crazy Yiuf is healed!
You hit Crazy Yiuf.
You headbutt Crazy Yiuf, but do no damage.
Crazy Yiuf is moderately wounded.
Crazy Yiuf hits you but does no damage.
Crazy Yiuf whimpers, "Cake bag leg!"
Crazy Yiuf hits you with a quarterstaff of chaos!
You die...

##### #..)#
#.g.# #.@.#
##'## ♣♣.♣
♣.♣♣
#########
♣♣.♣
############
##...#...#
♣.♣♣
#....#.....#
##........#
♣♣.♣♣
#...........
#.........#
♣...♣♣
#...........
##(..[.....#
♣....♣
#........>..


You could see Crazy Yiuf.

Vanquished Creatures
  An adder (D:2)
  2 worms (D:2)
  A dart slug (D:1)
  A leopard gecko (D:2)
  3 giant cockroaches
  6 goblins
  7 hobgoblins
  4 kobolds
  2 ball pythons (D:1)
  5 bats
  3 frilled lizards
  5 rats
40 creatures vanquished.

Notes
Turn   | Place    | Note
-------+----------+-------------------------------------------
     0 | D:1      | Hebeh the Minotaur Fighter began the quest for the Orb.
     0 | D:1      | Reached XP level 1. HP: 19/19 MP: 0/0
   103 | D:1      | Reached XP level 2. HP: 27/27 MP: 1/1
   543 | D:2      | Reached XP level 3. HP: 29/33 MP: 2/2
   932 | D:2      | Found a runed door.
  1012 | D:2      | Noticed Crazy Yiuf
  1015 | D:2      | Paralysed by Crazy Yiuf for 3 turns
  1021 | D:2      | Slain by Crazy Yiuf

Vault maps used:
D:1:      dpeg_arrival_castle, minivault_14, minmay_fountain_box
D:2:      minmay_misc_feat_five, uniq_crazy_yiuf_cottage

Skill      XL: |  1  2  3 |
---------------+----------+-----
Axes           | 3 |  3.7
Fighting       | 4 |  4.1
Shields        | 4 |  4.1
Armour         | 4 |  4.1

Action                   || total
-------------------------++-------
Melee: War axe           ||    96
       Headbutt          ||    14
Armor: Scale mail        ||    15
       Plate armour      ||    53
Dodge: Dodged            ||    12
Block: Shield            ||    50

Table legend:
 A = Spawn XP
 B = Non-spawn XP
 C = Spawn XP percentage of total XP
 D = Spawn monster count
 E = Non-spawn monster count
 F = Spawn count percentage of total count
 G = Total turns spent on level
                    A         B        C        D         E        F      G
               +---------+---------+-------+---------+---------+-------+---------
         Total |       0 |      85 |   0.0 |       0 |      40 |   0.0 |  1021
               +---------+---------+-------+---------+---------+-------+---------
           D:1 |       0 |      31 |   0.0 |       0 |      19 |   0.0 |   468
           D:2 |       0 |      54 |   0.0 |       0 |      21 |   0.0 |   553
               +---------+---------+-------+---------+---------+-------+---------
